[Event "Polish Youth Ekstraliga 2022"]
[Site "Lublin"]
[Date "2022.06.25"]
[Round "1.30"]
[White "Natoli, Alessia"]
[Black "Szczotka, Klara"]
[Result "0-1"]
[ECO "B13"]
[WhiteElo "1680"]
[BlackElo "1863"]
[Annotator "NA RC"]
[PlyCount "78"]
[EventDate "2022.06.24"]
[EventType "team-tourn"]
[EventCountry "POL"]
[SourceTitle "playchess.com"]
[Source "ChessBase"]
[SourceQuality "1"]
[TimeControl "40/5400+30:1800+30"]

1. e4 c6 2. d4 d5 3. exd5 cxd5 4. Bd3 Nc6 5. c3 Nf6 6. h3 g6 7. Nf3 Bf5 8. Bxf5 gxf5 9. Bf4 e6 10. Nbd2 Bg7 11. O-O O-O 12. Ne5 Kh8 13. Re1 Ne4 14. Qh5 Nxe5 15. dxe5 Qb6 16. Nxe4 dxe4 17. Re2 Rad8 18. Kh1 Qb5 19. Rae1 Rd3 20. Bg5 Qxe5 21. Be7 Rg8 22. Qxf7 Rd7 23. f4 Qc7 24. Qxe6 Rxe7 25. Qxf5 Rf8 26. Qg5 Rxf4 27. g3 Rf8 28. Qh4 Rfe8 29. Kg2 e3 30. Qf4 Qc6+ 31. Kg1 Qe4 32. Qxe4 Rxe4 33. Rd1 Bh6 34. Kg2 Kg7 35. h4 Kf6 36. Kh3 Rg8 37. Rd4 Rxd4 38. cxd4 Rd8 39. g4 Bf4 0-1

[Event "Polish Youth Ekstraliga 2022"]
[Site "Lublin"]
[Date "2022.06.26"]
[Round "2.1"]
[White "Czopor, Maciej"]
[Black "Czernek, Tymon"]
[Result "1/2-1/2"]
[ECO "D17"]
[WhiteElo "2425"]
[BlackElo "2199"]
[Annotator "TA"]
[PlyCount "74"]
[EventDate "2022.06.24"]
[EventType "team-tourn"]
[EventCountry "POL"]
[SourceTitle "playchess.com"]
[Source "ChessBase"]
[SourceQuality "1"]
[TimeControl "40/5400+30:1800+30"]

1. d4 d5 2. c4 c6 3. Nf3 Nf6 4. Nc3 dxc4 5. a4 Bf5 6. Nh4 Bg6 7. Nxg6 {[%emt 0:01:46] D17: Slav Defence: 5 a4 Bf5: Lines with 6 Nh4 and 6 Ne5.} hxg6 8. e3 e6 9. Bxc4 Bb4 10. O-O Qc7 11. g3 Nbd7 12. Qe2 O-O 13. e4 {[%emt 0:08:09] [#]} e5 $146 ({Predecessor:} 13... Nb6 14. Bb3 e5 15. dxe5 Bxc3 16. exf6 Bxf6 17. Rd1 Rad8 18. Be3 Qe5 19. a5 Nc8 {0-1 (55) Vshivkov,V-Kamrukov,A (2022) Berdsk 2010}) 14. dxe5 Nxe5 15. Ba2 Rad8 16. f4 Nd3 17. Be3 (17. e5 $5 Nxc1 18. Raxc1 $11) 17... Bxc3 $2 ({Black should play} 17... Qa5 $11 18. e5 Nxb2) 18. bxc3 $16 Nxe4 {[%emt 0:00:06] Strongly threatening ...Rfe8.} 19. Bd4 Ndc5 {[%emt 0:00:10] [#]} 20. Qg4 {[%emt 0:22:28] [#]} ({White should try} 20. f5 $1 $16 {[%cal Rf5g6] Threatens to win with fxg6.} Qd6 21. Rf4) 20... Rxd4 $1 21. cxd4 Nf6 22. Qd1 (22. Qf3 $5 Nce4 23. Rfe1 $14) 22... Nce4 23. Qd3 Rd8 (23... Nd6 $11 {keeps the balance.}) 24. Rfe1 Nd6 25. Qxg6 {[%emt 0:02:19] White is more active.} c5 26. Qc2 c4 27. Re5 b6 28. Qe2 (28. Rc1 $16) 28... Qc6 $14 29. Bb1 c3 (29... b5 $11) 30. Bd3 $16 Rc8 31. Bc2 ({Better is} 31. a5 $16) 31... Nc4 $1 $11 {[%emt 0:01:30] The position is equal.} 32. Qd3 g6 ({Resist} 32... Nxe5 33. fxe5 Ne8 34. Rf1 $16) 33. Re2 Nd2 {[%emt 0:00:33] Against Bb3} 34. Rd1 Nf3+ 35. Kf1 {[%emt 0:00:10] Black must now prevent d5.} Nd2+ {[%emt 0:00:19][%mdl 1024] Black has compensation. Pair of Knights!} 36. Kg1 Nf3+ 37. Kf1 {[%emt 0:00:08] Hoping for d5.} Nd2+ {[%emt 0:00:55] Weighted Error Value: White=0.23 (precise) /Black=0.24 (precise)} 1/2-1/2

[Event "Polish Youth Ekstraliga 2022"]
[Site "Lublin"]
[Date "2022.06.26"]
[Round "2.2"]
[White "Chyzy, Jakub"]
[Black "Ochedzan, Tymon"]
[Result "1-0"]
[ECO "B18"]
[WhiteElo "2191"]
[BlackElo "2261"]
[Annotator "TA"]
[PlyCount "59"]
[EventDate "2022.06.24"]
[EventType "team-tourn"]
[EventCountry "POL"]
[SourceTitle "playchess.com"]
[Source "ChessBase"]
[SourceQuality "1"]
[TimeControl "40/5400+30:1800+30"]

1. e4 c6 2. d4 d5 3. Nc3 dxe4 4. Nxe4 Bf5 5. Ng3 Bg6 6. h4 h6 7. f4 e6 8. Nf3 {[%emt 0:00:01] [#]} c5 $146 {[%emt 0:00:31] B18: Classical Caro-Kann: 4...Bf5 sidelines.} (8... Nf6 $11) ({Predecessor:} 8... Nd7 9. h5 Bh7 10. Bd3 Bxd3 11. Qxd3 Ngf6 12. Bd2 Qc7 13. O-O-O Bd6 14. Ne5 O-O 15. Ne4 Nxe4 16. Qxe4 f5 17. Qe2 Nf6 18. g4 Bxe5 19. dxe5 Nxg4 20. Bb4 c5 21. Be1 Rad8 22. Bh4 Rd4 23. Rxd4 cxd4 24. Rd1 {0-1 (65) Movsesian,S (2629)-Erenburg,S (2589) Chess.com INT 2019}) 9. Ne5 $16 {[%emt 0:01:30] [#] Black must now prevent Bb5+.} Ne7 10. Bb5+ (10. dxc5 Qxd1+ 11. Kxd1 Nbc6 $11) 10... Nbc6 {[%emt 0:00:18] White is slightly better.} 11. Qe2 {[%emt 0:05:36] Hoping for 0-0.} cxd4 (11... Qxd4 $2 12. f5 Bh7 13. fxe6 fxe6 14. c3 $18) 12. f5 $1 {[%emt 0:05:49] White is more active.} Qd6 {[%emt 0:04:10] This move loses the game for Black.} 13. Bf4 $18 ({Weaker is} 13. fxg6 Nxg6 14. Nxc6 (14. Bxc6+ bxc6 15. Nf5 Qxe5 $17) 14... bxc6 $11) 13... Qb4+ (13... exf5 $142 14. h5 (14. Nxc6 Qxf4 15. Qe5 Qxe5+ 16. Nxe5+ Kd8 $16) 14... O-O-O) 14. Bd2 Qxb2 {[%emt 0:02:35] aiming for ...d3.} 15. O-O d3 16. Bxc6+ Nxc6 17. Nxd3 {[%emt 0:00:18] The board is on fire. Pair of Knights!} Qd4+ 18. Be3 Qxh4 19. fxg6 Qxg3 (19... f5 $142 20. Bf2 Qc4) 20. gxf7+ Ke7 21. Bc5+ Kd8 22. Bxf8 Rxf8 23. Nc5 Qe5 24. Rad1+ Kc7 25. Nxe6+ {[%emt 0:00:09] White mates.} Kb6 26. Rb1+ Ka5 27. Qd2+ Ka6 {[%emt 0:00:35] [#]} 28. Nc7+ $1 Qxc7 29. Qd3+ Ka5 30. Qb5# {Weighted Error Value: White=0.03 (flawless) /Black=0.79} 1-0

[Event "Polish Youth Ekstraliga 2022"]
[Site "Lublin"]
[Date "2022.06.26"]
[Round "2.3"]
[White "Jaworski, Tymon"]
[Black "Krawczyk, Flawian"]
[Result "0-1"]
[ECO "A45"]
[WhiteElo "1628"]
[BlackElo "2212"]
[Annotator "RC"]
[PlyCount "128"]
[EventDate "2022.06.24"]
[EventType "team-tourn"]
[EventCountry "POL"]
[SourceTitle "playchess.com"]
[Source "ChessBase"]
[SourceQuality "1"]
[TimeControl "40/5400+30:1800+30"]

1. d4 Nf6 2. Bg5 g6 3. Bxf6 exf6 4. c4 Bb4+ 5. Nc3 Bxc3+ 6. bxc3 d6 7. e3 Nd7 8. Nf3 f5 9. g3 O-O 10. Bg2 c5 11. O-O Nf6 12. Nd2 Rb8 13. Rb1 Qc7 14. Qc2 Rd8 15. Rfc1 Kg7 16. Rb2 h5 17. h4 Qe7 18. Qa4 b6 19. Qc2 Be6 20. d5 Bd7 21. Ra1 Ng4 22. a4 Re8 23. Nf3 Ne5 24. Nxe5 Qxe5 25. a5 bxa5 26. Rxa5 f4 27. gxf4 Qf6 28. Rxa7 Bf5 29. Qe2 Qxc3 30. Rxb8 Rxb8 31. e4 Rb1+ 32. Kh2 Qf6 33. Kg3 Qc3+ 34. Kh2 Bg4 35. Qe3 Qxc4 36. Ra3 Qd4 37. Qxd4+ cxd4 38. f3 Bd7 39. Rd3 Rb4 40. Kg3 Kf6 41. Rd2 Bb5 42. Bh3 Ke7 43. f5 Kf6 44. Kf4 Bd7 45. Ra2 gxf5 46. Ra6 d3 47. Ra2 Rb1 48. Rd2 Rh1 49. Bg2 Rxh4+ 50. Kg3 Kg5 51. Rxd3 fxe4 52. fxe4 Rf4 53. Ra3 h4+ 54. Kh2 Kf6 55. Ra7 Bg4 56. Ra8 Rf2 57. Kg1 Rc2 58. Rh8 Kg5 59. Rd8 h3 60. Bh1 Kf4 61. Rxd6 h2+ 62. Kf1 Bh3+ 63. Ke1 Rc1+ 64. Kf2 Rxh1 0-1

[Event "Polish Youth Ekstraliga 2022"]
[Site "Lublin"]
[Date "2022.06.26"]
[Round "2.4"]
[White "Sowinski, Pawel"]
[Black "Ochedzan, Filip"]
[Result "1-0"]
[ECO "B87"]
[WhiteElo "2060"]
[BlackElo "1873"]
[Annotator "NA RC"]
[PlyCount "101"]
[EventDate "2022.06.24"]
[EventType "team-tourn"]
[EventCountry "POL"]
[SourceTitle "playchess.com"]
[Source "ChessBase"]
[SourceQuality "1"]
[TimeControl "40/5400+30:1800+30"]

1. e4 c5 2. Nf3 d6 3. d4 cxd4 4. Nxd4 Nf6 5. Nc3 a6 6. Bc4 e6 7. Bb3 b5 8. Bg5 Be7 9. Qf3 Qb6 10. O-O-O O-O 11. Rhe1 Nc6 12. Nxc6 Qxc6 13. Qg3 Rd8 14. Bxf6 Bxf6 15. Nd5 exd5 16. Bxd5 Qc5 17. Bxa8 Be6 18. Bd5 Rc8 19. Re2 Bd7 20. Bb3 Be5 21. f4 Bd4 22. Kb1 Rc6 23. h3 Qb6 24. Qd3 Bc5 25. e5 Be6 26. f5 Bc4 27. Bxc4 bxc4 28. Qxc4 dxe5 29. Rd7 Be7 30. Qd5 Rd6 31. Rxd6 Bxd6 32. c4 Qg1+ 33. Kc2 Qf1 34. Qa8+ Bf8 35. Qf3 Qg1 36. Rxe5 Qd4 37. Re4 Qc5 38. g4 Qc6 39. Qd3 Qa4+ 40. Kb1 Qc6 41. a3 Qb6 42. Qd4 Qb8 43. c5 Qb5 44. Qd5 Bxc5 45. Rc4 Bf8 46. Qxb5 axb5 47. Rc8 b4 48. a4 f6 49. a5 Kf7 50. Rxf8+ Kxf8 51. a6 1-0

[Event "Polish Youth Ekstraliga 2022"]
[Site "Lublin"]
[Date "2022.06.26"]
[Round "2.5"]
[White "Lochina, Justyna"]
[Black "Wikar, Martyna"]
[Result "0-1"]
[ECO "B23"]
[WhiteElo "1672"]
[BlackElo "2197"]
[Annotator "RC"]
[PlyCount "73"]
[EventDate "2022.06.24"]
[EventType "team-tourn"]
[EventCountry "POL"]
[SourceTitle "playchess.com"]
[Source "ChessBase"]
[SourceQuality "1"]
[TimeControl "40/5400+30:1800+30"]

1. e4 c5 2. Nc3 a6 3. Nf3 b5 4. d4 cxd4 5. Nxd4 Bb7 6. a3 e6 7. Bd3 Nc6 8. Be3 Nf6 9. O-O Ne5 10. Qe2 Neg4 11. Nb3 Nxe3 12. Qxe3 Qc7 13. f4 Ng4 14. Qe2 h5 15. Rae1 b4 16. Nd5 Bc5+ 17. Nxc5 Qxc5+ 18. Ne3 bxa3 19. bxa3 Bc6 20. h3 Nxe3 21. Qxe3 Qxe3+ 22. Rxe3 Ke7 23. Rb1 Rhc8 24. Rb6 a5 25. Bb5 Bxb5 26. Rxb5 g6 27. c3 Rc4 28. Kf2 Ra4 29. Rb3 Rc8 30. Ke2 h4 31. Kd3 f5 32. exf5 gxf5 33. Re5 Rg8 34. Rbb5 Rxa3 35. Rxa5 Rg3+ 36. Re3 Rxe3+ 37. Kd4 0-1

[Event "Polish Youth Ekstraliga 2022"]
[Site "Lublin"]
[Date "2022.06.26"]
[Round "2.6"]
[White "Natoli, Alessia"]
[Black "Smietanska, Wiktoria"]
[Result "1-0"]
[ECO "B22"]
[WhiteElo "1680"]
[BlackElo "1879"]
[Annotator "NA RC"]
[PlyCount "69"]
[EventDate "2022.06.24"]
[EventType "team-tourn"]
[EventCountry "POL"]
[SourceTitle "playchess.com"]
[Source "ChessBase"]
[SourceQuality "1"]
[TimeControl "40/5400+30:1800+30"]

1. e4 c5 2. c3 Nf6 3. e5 Nd5 4. d4 cxd4 5. cxd4 Nc6 6. Nf3 d6 7. Bc4 dxe5 8. Nxe5 e6 9. Nxc6 bxc6 10. O-O Be7 11. Nc3 O-O 12. Qe2 Bb7 13. Be3 Qa5 14. Rac1 Rfd8 15. Rfd1 Rac8 16. Ne4 Nxe3 17. Qxe3 Ba6 18. Bb3 Qh5 19. Nc5 Bxc5 20. Rxc5 Qg6 21. Ra5 Bb7 22. Rxa7 Ba8 23. f3 Qf6 24. Qc3 Qf4 25. Bc2 Rd5 26. Be4 Rd6 27. g3 Qf6 28. Kf2 h5 29. Qc5 Rcd8 30. Rxa8 Rxa8 31. Qxd6 g6 32. a3 Rd8 33. Qc5 Rb8 34. Rd2 h4 35. Qe5 1-0

[Event "Polish Youth Ekstraliga 2022"]
[Site "Lublin"]
[Date "2022.06.26"]
[Round "2.7"]
[White "Ciborowski, Konrad Jr"]
[Black "Budzisz, Adrian"]
[Result "1-0"]
[ECO "A45"]
[WhiteElo "1927"]
[BlackElo "2152"]
[Annotator "RC"]
[PlyCount "79"]
[EventDate "2022.06.24"]
[EventType "team-tourn"]
[EventCountry "POL"]
[SourceTitle "playchess.com"]
[Source "ChessBase"]
[SourceQuality "1"]
[TimeControl "40/5400+30:1800+30"]

1. d4 Nf6 2. Nc3 d5 3. Bf4 c6 4. e3 Bf5 5. f3 e6 6. g4 Bg6 7. h4 h6 8. h5 Bh7 9. Bd3 Bd6 10. Nge2 Bxd3 11. Qxd3 Bxf4 12. Nxf4 Nfd7 13. O-O-O b5 14. Kb1 b4 15. Na4 Qa5 16. b3 Na6 17. e4 Nb6 18. Nc5 Nxc5 19. dxc5 Qxc5 20. exd5 Nxd5 21. Nxd5 cxd5 22. Rhg1 Rc8 23. g5 Kf8 24. g6 f6 25. Rge1 Rc6 26. Re4 Rd6 27. Rc4 dxc4 28. Qxd6+ Qxd6 29. Rxd6 Ke7 30. Ra6 Ra8 31. bxc4 f5 32. f4 Kf6 33. c3 bxc3 34. Kc2 Rf8 35. Rxa7 e5 36. Rf7+ Rxf7 37. fxe5+ Ke6 38. gxf7 Kxf7 39. c5 Ke6 40. c6 1-0

[Event "Polish Youth Ekstraliga 2022"]
[Site "Lublin"]
[Date "2022.06.26"]
[Round "2.8"]
[White "Backiel, Hubert"]
[Black "Wydmanski, Szymon"]
[Result "1-0"]
[ECO "B32"]
[WhiteElo "2045"]
[BlackElo "1815"]
[Annotator "NA RC"]
[PlyCount "75"]
[EventDate "2022.06.24"]
[EventType "team-tourn"]
[EventCountry "POL"]
[SourceTitle "playchess.com"]
[Source "ChessBase"]
[SourceQuality "1"]
[TimeControl "40/5400+30:1800+30"]

1. e4 c5 2. Nf3 Nc6 3. d4 cxd4 4. Nxd4 e5 5. Nb5 d6 6. c4 a6 7. N5c3 Be6 8. Nd5 Bxd5 9. cxd5 Nb8 10. Bd3 Nd7 11. O-O Be7 12. b4 f5 13. Qh5+ g6 14. Qh3 f4 15. Nd2 Nb6 16. Nb3 Qc8 17. Qf3 Nf6 18. Bd2 Kf7 19. a4 Qg4 20. Qxg4 Nxg4 21. Na5 Rab8 22. Rfc1 Rhc8 23. Rxc8 Nxc8 24. Rc1 Bd8 25. Nxb7 Bb6 26. Rxc8 Bxf2+ 27. Kf1 Rxb7 28. Bxa6 Ra7 29. Rc6 Ke7 30. a5 Bd4 31. Bc8 Ne3+ 32. Ke2 Nxg2 33. b5 Kd8 34. b6 Rf7 35. Be6 f3+ 36. Kf1 Rb7 37. Bg5+ Ke8 38. Rc8# 1-0

[Event "Polish Youth Ekstraliga 2022"]
[Site "Lublin"]
[Date "2022.06.26"]
[Round "2.9"]
[White "Wolak, Maciej"]
[Black "Ptaszynski, Szymon"]
[Result "0-1"]
[ECO "B28"]
[WhiteElo "1316"]
[BlackElo "1781"]
[Annotator "NA RC"]
[PlyCount "87"]
[EventDate "2022.06.24"]
[EventType "team-tourn"]
[EventCountry "POL"]
[SourceTitle "playchess.com"]
[Source "ChessBase"]
[SourceQuality "1"]
[TimeControl "40/5400+30:1800+30"]

1. e4 c5 2. Nf3 a6 3. c4 Nc6 4. d4 cxd4 5. Nxd4 e5 6. Nf5 d5 7. Ng3 d4 8. Bd3 Nf6 9. O-O Bd6 10. h3 Be6 11. f4 exf4 12. Bxf4 Bxf4 13. Rxf4 Qc7 14. Ne2 Ne5 15. b3 Rd8 16. Rf1 Nfd7 17. Nf4 Nc5 18. Qe2 g5 19. Nxe6 Nxe6 20. Qc2 Nf4 21. Rxf4 gxf4 22. Nd2 Rg8 23. Rf1 Rg3 24. Nf3 Nxf3+ 25. Rxf3 Rxf3 26. gxf3 Ke7 27. Qg2 Qe5 28. Qg4 h5 29. Qh4+ f6 30. Qe1 Rg8+ 31. Kf2 a5 32. Qc1 b6 33. Qa3+ Qc5 34. Qxc5+ bxc5 35. Be2 h4 36. Bd3 Rg3 37. Bf1 Kd6 38. a3 Ke5 39. a4 d3 40. Bxd3 Rxh3 41. Kg2 Rg3+ 42. Kf2 h3 43. Bf1 h2 44. Bg2 0-1

[Event "Polish Youth Ekstraliga 2022"]
[Site "Lublin"]
[Date "2022.06.26"]
[Round "2.10"]
[White "Rekuc, Patryk"]
[Black "Kania, Franciszek"]
[Result "1/2-1/2"]
[ECO "E64"]
[WhiteElo "1842"]
[BlackElo "1523"]
[Annotator "NA RC"]
[PlyCount "62"]
[EventDate "2022.06.24"]
[EventType "team-tourn"]
[EventCountry "POL"]
[SourceTitle "playchess.com"]
[Source "ChessBase"]
[SourceQuality "1"]
[TimeControl "40/5400+30:1800+30"]

1. d4 Nf6 2. c4 g6 3. Nc3 Bg7 4. Nf3 O-O 5. g3 d6 6. Bg2 c5 7. d5 Na6 8. O-O Nc7 9. a4 b6 10. h3 a6 11. e4 Nd7 12. Qe2 Rb8 13. Be3 Ne5 14. Nxe5 Bxe5 15. f4 Bg7 16. Rae1 b5 17. e5 bxc4 18. Qxc4 a5 19. Rf2 Rb4 20. Qe2 Na6 21. Bc1 c4 22. Na2 Rxa4 23. Nc3 Rb4 24. Na2 Ra4 25. Nc3 Rb4 26. Na2 Ra4 27. Nc3 Rb4 28. Na2 Ra4 29. Nc3 Rb4 30. Na2 Ra4 31. Nc3 Rb4 1/2-1/2

[Event "Polish Youth Ekstraliga 2022"]
[Site "Lublin"]
[Date "2022.06.26"]
[Round "2.11"]
[White "Dylag, Emilia"]
[Black "Marcinczyk, Monika"]
[Result "0-1"]
[ECO "A62"]
[WhiteElo "2022"]
[BlackElo "1991"]
[Annotator "RC"]
[PlyCount "134"]
[EventDate "2022.06.24"]
[EventType "team-tourn"]
[EventCountry "POL"]
[SourceTitle "playchess.com"]
[Source "ChessBase"]
[SourceQuality "1"]
[TimeControl "40/5400+30:1800+30"]

1. d4 Nf6 2. c4 e6 3. g3 c5 4. d5 exd5 5. cxd5 d6 6. Nc3 g6 7. Bg2 Bg7 8. Nf3 O-O 9. O-O Re8 10. Bf4 Ne4 11. Nxe4 Rxe4 12. Nd2 Rxf4 13. gxf4 Bxb2 14. Rb1 Bg7 15. Qb3 Bh6 16. Qg3 Nd7 17. Rfe1 a6 18. Ne4 Nf6 19. Qh4 Bg7 20. Nd2 b5 21. e4 Bb7 22. Nc4 Rb8 23. Ne3 Nh5 24. Qg4 Bh6 25. e5 Bxf4 26. e6 Qf6 27. e7 Qxe7 28. Nf5 Qd8 29. Ne7+ Kf8 30. Rb3 Be5 31. Nc6 Bxc6 32. dxc6 Qc7 33. Rbe3 Nf4 34. Bh1 Rd8 35. Qh4 Kg7 36. Rf3 Nh5 37. Rfe3 Bf6 38. Qg4 d5 39. Re8 Qxc6 40. Rxd8 Bxd8 41. Rd1 Nf6 42. Qg5 h6 43. Bxd5 Qd7 44. Qg2 Bc7 45. Qf3 Qd6 46. Bxf7 Qxh2+ 47. Kf1 Kxf7 48. Rd7+ Ke6 49. Rd1 Be5 50. Qc6+ Kf5 51. Rd3 Qh4 52. Qc8+ Kg5 53. Qxc5 Qh1+ 54. Ke2 Kf4 55. Qe3+ Kf5 56. Ra3 Qe4 57. Rxa6 Qxe3+ 58. Kxe3 Nd5+ 59. Kf3 Nc3 60. Kg2 h5 61. Kh3 g5 62. Ra8 Ke4 63. Rg8 Bf4 64. Ra8 Kd3 65. Kg2 b4 66. Ra7 Kc2 67. Rh7 h4 0-1

[Event "Polish Youth Ekstraliga 2022"]
[Site "Lublin"]
[Date "2022.06.26"]
[Round "2.12"]
[White "Szczotka, Klara"]
[Black "Bandyk, Joanna"]
[Result "1-0"]
[ECO "C43"]
[WhiteElo "1863"]
[BlackElo "1360"]
[Annotator "NA RC"]
[PlyCount "91"]
[EventDate "2022.06.24"]
[EventType "team-tourn"]
[EventCountry "POL"]
[SourceTitle "playchess.com"]
[Source "ChessBase"]
[SourceQuality "1"]
[TimeControl "40/5400+30:1800+30"]

1. e4 e5 2. Nf3 Nf6 3. d4 exd4 4. e5 Bb4+ 5. c3 dxc3 6. bxc3 Bc5 7. exf6 Qxf6 8. Be2 O-O 9. O-O Nc6 10. Qd5 d6 11. Bg5 Qe6 12. Bc4 Ne5 13. Nxe5 Qxd5 14. Bxd5 dxe5 15. Nd2 h6 16. Bh4 g5 17. Ne4 Rd8 18. Bb3 Be7 19. Bg3 Bf5 20. f3 c6 21. Bxe5 Kf8 22. Rad1 Rd7 23. Rxd7 Bxd7 24. Rd1 Be6 25. Bxe6 fxe6 26. Rd7 b6 27. Bd6 Bxd6 28. Rxd6 c5 29. Rxe6 Kg7 30. Kf2 Rf8 31. Re7+ Rf7 32. Rxf7+ Kxf7 33. Ke3 Ke6 34. c4 Ke5 35. g3 Ke6 36. f4 g4 37. Nf2 Kf5 38. a4 a6 39. Kd3 a5 40. Ke3 h5 41. Kd3 h4 42. Ke3 hxg3 43. hxg3 Kf6 44. Ke4 Ke6 45. f5+ Kf6 46. Nxg4+ 1-0

[Event "Polish Youth Ekstraliga 2022"]
[Site "Lublin"]
[Date "2022.06.26"]
[Round "2.13"]
[White "Niedbala, Bartlomiej"]
[Black "Dzida, Kamil"]
[Result "1/2-1/2"]
[ECO "B96"]
[WhiteElo "2384"]
[BlackElo "2294"]
[Annotator "TA"]
[PlyCount "81"]
[EventDate "2022.06.24"]
[EventType "team-tourn"]
[EventCountry "POL"]
[SourceTitle "playchess.com"]
[Source "ChessBase"]
[SourceQuality "1"]
[TimeControl "40/5400+30:1800+30"]

1. e4 c5 2. Nf3 d6 3. d4 cxd4 4. Nxd4 Nf6 5. Nc3 a6 6. Bg5 e6 7. f4 h6 8. Bh4 Qb6 9. Qd2 {[%emt 0:09:15] B96: Sicilian Najdorf: 6 Bg5 e6 7 f4, lines other than 7...Qb6 and 7...Be7.} Qxb2 10. Rb1 Qa3 11. f5 Be7 {[%emt 0:01:09] White must now prevent ...0-0.} 12. fxe6 fxe6 {[%emt 0:00:08] ...0-0 is the strong threat.} 13. Bc4 $1 Nxe4 $1 14. Nxe4 Bxh4+ 15. g3 Bg5 16. Nxg5 hxg5 17. O-O (17. Nxe6 Bxe6 18. Bxe6 {[#]} (18. Rb3 $2 Qa4 $19) 18... Qxg3+ $1 19. hxg3 Rxh1+ 20. Kf2 Rh2+ 21. Ke3 Rxd2 22. Kxd2 Ra7 $15) 17... Qc5 {[%emt 0:06:42] [#]} 18. Bxe6 $146 ({Predecessor:} 18. Qf2 Nc6 19. Nxe6 Qxf2+ 20. Rxf2 Bxe6 21. Bxe6 Rb8 22. Bd5 Ne5 23. Bxb7 Ke7 24. Rb3 {½-½ (32) Ortiz Suarez,I (2577)-Vachier Lagrave,M (2744) Baku 2015}) 18... Nc6 19. Bf7+ $1 ({Don't go for} 19. Bxc8 $2 Nxd4 20. Qb4 Rxc8 $19) 19... Kd8 20. c3 Kc7 21. Rf2 (21. Kh1 $5 ) 21... Rf8 $1 22. Rd1 Ne5 ({Better is} 22... Bg4 $15) 23. Qxg5 $11 Nf3+ 24. Nxf3 {[%emt 0:00:12] The board is on fire.} Rxf7 25. Rd5 {[%emt 0:02:44] Active counter play!} Qb6 26. Rd4 Bd7 {[%emt 0:01:30] Hoping for ...Raf8.} 27. Rb4 (27. Nd2 $11 {keeps the balance.} Rxf2 28. Kxf2) 27... Qc5 $40 {[%emt 0:01:55][%mdl 128] Black is out for blood.} ({Don't play} 27... Bb5 28. Nd4 Rxf2 29. Qxg7+ (29. Kxf2 Qc5 $16) 29... Kb8 30. Kxf2 $16) 28. Rf4 Rxf4 29. Qxc5+ dxc5 30. gxf4 {[%emt 0:00:02][%mdl 4096] Endgame KRB-KRN} Bc6 31. Ne5 Rd8 32. Re2 Rd1+ 33. Kf2 Bd5 34. Ke3 b5 {[%emt 0:01:27] Inhibits c4.} 35. f5 (35. a4 $1 $15) 35... Rc1 ({Black should play} 35... Kd6 $19 36. Ng4 Rc1) 36. Kf4 (36. c4 $17 bxc4 37. Kd2) 36... Rxc3 $2 (36... Kd6 $19 37. Ng4 Rxc3) 37. Rd2 $11 Kd6 {[%emt 0:00:51] Strongly threatening ...c4.} (37... Bc6 $5) 38. Nf7+ $1 {[%emt 0:00:44] The position is equal.} Ke7 39. Ne5 Kd6 {[%emt 0:02:36] And now ...c4 would win.} 40. Nf7+ $1 Ke7 41. Ne5 $1 {[%emt 0:01:32] Prevents Rc4+.  Weighted Error Value: White=0.20 (precise) /Black=0.25 (precise)} 1/2-1/2

[Event "Polish Youth Ekstraliga 2022"]
[Site "Lublin"]
[Date "2022.06.26"]
[Round "2.14"]
[White "Koziorowicz, Michal"]
[Black "Redzisz, Michal"]
[Result "1-0"]
[ECO "B12"]
[WhiteElo "2231"]
[BlackElo "2236"]
[Annotator "RC"]
[PlyCount "79"]
[EventDate "2022.06.24"]
[EventType "team-tourn"]
[EventCountry "POL"]
[SourceTitle "playchess.com"]
[Source "ChessBase"]
[SourceQuality "1"]
[TimeControl "40/5400+30:1800+30"]

1. e4 c6 2. d4 d5 3. e5 Bf5 4. Nc3 e6 5. g4 Bg6 6. Nge2 c5 7. h4 h5 8. Nf4 Bh7 9. g5 Bf5 10. Nxh5 Nc6 11. Ng3 cxd4 12. Nb5 Bc5 13. Nxf5 exf5 14. Bf4 Kf8 15. Qf3 a6 16. Nd6 Nxe5 17. Bxe5 Bxd6 18. Bxd4 Qe7+ 19. Qe3 Qc7 20. Qc3 Re8+ 21. Be2 Qxc3+ 22. Bxc3 Bf4 23. Bb4+ Ne7 24. Bf3 Kg8 25. Kf1 Nc6 26. Bc5 d4 27. Kg2 Kh7 28. Rad1 Kg6 29. b3 f6 30. gxf6 gxf6 31. Bxc6 bxc6 32. Rxd4 Re4 33. Rd7 Be5 34. Be3 f4 35. Kf3 Kf5 36. Bc5 Rh5 37. Re7 a5 38. a4 Rd4 39. Bxd4 Bxd4 40. Re4 1-0

[Event "Polish Youth Ekstraliga 2022"]
[Site "Lublin"]
[Date "2022.06.26"]
[Round "2.15"]
[White "Warchol, Kamil"]
[Black "Raczek, Krzysztof"]
[Result "1/2-1/2"]
[ECO "B67"]
[WhiteElo "2079"]
[BlackElo "2114"]
[Annotator "NA RC"]
[PlyCount "65"]
[EventDate "2022.06.24"]
[EventType "team-tourn"]
[EventCountry "POL"]
[SourceTitle "playchess.com"]
[Source "ChessBase"]
[SourceQuality "1"]
[TimeControl "40/5400+30:1800+30"]

1. e4 c5 2. Nf3 d6 3. d4 cxd4 4. Nxd4 Nf6 5. Nc3 Nc6 6. Bg5 e6 7. Qd2 a6 8. O-O-O Bd7 9. f4 b5 10. Bxf6 gxf6 11. Kb1 b4 12. Nce2 Qb6 13. Nxc6 Bxc6 14. f5 e5 15. Ng3 h5 16. h4 Qc5 17. Bd3 Bh6 18. Qe2 Qe3 19. Nxh5 Ke7 20. Qf1 Bxe4 21. Rg1 b3 22. axb3 Rac8 23. g4 Rxc2 24. Rg3 Bxd3 25. Qxd3 Qxd3 26. Rgxd3 Rc6 27. Rg1 Rg8 28. Rdg3 Rh8 29. Rd3 Rg8 30. Rdg3 Rh8 31. Rd3 Rg8 32. Rdg3 Rh8 33. Rd3 1/2-1/2

[Event "Polish Youth Ekstraliga 2022"]
[Site "Lublin"]
[Date "2022.06.26"]
[Round "2.16"]
[White "Grzebieniowski, Michal"]
[Black "Krol, Jan"]
[Result "1/2-1/2"]
[ECO "E11"]
[WhiteElo "1635"]
[BlackElo "1668"]
[Annotator "NA RC"]
[PlyCount "62"]
[EventDate "2022.06.24"]
[EventType "team-tourn"]
[EventCountry "POL"]
[SourceTitle "playchess.com"]
[Source "ChessBase"]
[SourceQuality "1"]
[TimeControl "40/5400+30:1800+30"]

1. d4 Nf6 2. c4 e6 3. Nf3 Bb4+ 4. Nbd2 Qe7 5. a3 Bxd2+ 6. Qxd2 a5 7. b3 d6 8. Bb2 Nbd7 9. e3 b6 10. g3 Bb7 11. Bg2 Ne4 12. Qe2 f5 13. O-O O-O 14. b4 Ra7 15. Rfc1 c5 16. Qe1 Ndf6 17. h3 Rfa8 18. Rd1 axb4 19. axb4 Ra2 20. Rdb1 R8a4 21. bxc5 bxc5 22. dxc5 Nxc5 23. Bd4 Nfe4 24. Rxa2 Rxa2 25. Qb4 Rxf2 26. Ne1 Qg5 27. Qb5 Rxg2+ 28. Nxg2 h6 29. Qe8+ Kh7 30. Qf7 Qxg3 31. Rxb7 Qf2+ 1/2-1/2